AoeStats
← ramiroale91

Nomad

510701031Analyzed
3v3 RM · 23h ago on Oct 2, 2026· 49m 47s· 6 players
Game mode
Random Map
Map size
210×210
Population
200
Speed
Normal
Resources
Standard
Victory
Conquest
Starting age
Dark Age
Ending age
Imperial Age
RankedLock teamsTeams togetherTeam positionsShared explorationLock speedFull tech treeHidden civsTurbo modeCheats
Victory
Defeat
🇨🇦 Huns · Canada
928
+17
🇩🇪 Maya · Germany
924
+17
🇪🇸 Burgundians · Spain
922
+17
🇦🇷 Mapuche · Argentina
1024
-20
🇦🇷 Magyars · Argentina
980
-18
🇦🇷 Varangians · Argentina
855
-13
Kirito Wizard
3:32 Loom
16:17 Feudal Age
28:07 Man-at-Arms
28:33 Arson
34:54 Castle Age
38:47 Wheelbarrow
37:58 Town Watch
38:57 Scale Barding Armor
41:29 Forging
44:02 Iron Casting
45:23 Thumb Ring
45:29 Padded Archer Armor
48:55 Hand Cart
ImperialShadow
11:29 Loom
14:28 Feudal Age
18:06 Wheelbarrow
20:46 Castle Age
18:37 Double-Bit Axe
19:23 Fishing Lines
21:53 Husbandry
21:13 Light Cavalry
22:24 Cavalier
23:31 Forging
23:27 Scale Barding Armor
24:00 Hand Cart
25:11 Iron Casting
25:17 Gold Mining
28:37 Gillnets
31:19 Chain Barding Armor
40:01 Imperial Age
40:08 Paladin
42:39 Blast Furnace
46:48 Horse Collar
48:11 Heavy Plow
48:25 Bow Saw
50:06 Plate Barding Armor
Denver18780
5:13 Loom
13:58 Feudal Age
15:37 Wheelbarrow
14:49 Town Watch
19:30 Castle Age
18:01 Fletching
18:17 Double-Bit Axe
18:57 Padded Archer Armor
19:46 Crossbowman
20:54 Bodkin Arrow
21:34 Gold Mining
22:29 Treadmill Crane
24:03 Ballistics
27:43 Leather Archer Armor
31:39 Hand Cart
40:20 Imperial Age
38:26 Horse Collar
38:56 Stone Mining
39:20 Bow Saw
38:38 Pikeman
39:20 Squires
39:23 Scale Mail Armor
39:52 Heavy Plow
41:05 Chain Mail Armor
41:30 Conscription
43:04 Chemistry
42:46 Bracer
44:41 Forging
46:14 Ring Archer Armor
lisandroarce22
15:37 Feudal Age
19:37 Wheelbarrow
18:47 Loom
19:44 Man-at-Arms
20:10 Arson
22:50 Horse Collar
25:44 Castle Age
31:02 Hand Cart
30:21 Pikeman
31:02 Squires
30:47 Gambesons
33:27 Long Swordsman
34:21 Forging
34:11 Scale Mail Armor
34:02 Fletching
37:40 Imperial Age
35:51 Heavy Plow
36:06 Town Watch
38:08 Chain Mail Armor
38:29 Iron Casting
40:12 Halberdier
42:21 Gold Mining
42:21 Stone Mining
48:27 Crop Rotation
47:51 Double-Bit Axe
48:13 Capped Ram
ramiroale91
9:30 Loom
13:35 Feudal Age
13:46 Champi Runner
25:27 Castle Age
25:55 Champi Warrior
26:41 Scale Mail Armor
32:46 Pikeman
33:13 Double-Bit Axe
39:55 Imperial Age
42:43 Horse Collar
44:19 Fletching
Comecaramelos
10:38 Loom
10:43 Loom
14:31 Feudal Age
15:04 Double-Bit Axe
18:45 Horse Collar
25:18 Bloodlines
28:20 Castle Age
26:15 Gold Mining
27:47 Bloodlines
27:53 Stone Mining
28:44 Scale Barding Armor
31:04 Fletching
31:37 Corvinian Army
31:51 Husbandry
45:38 Wheelbarrow
Connection lost

Rejoining the realm…

Still unreachable

The connection could not be restored.

Session expired

The server has moved on; the page needs a fresh start.